 Dungeon Crawl Stone Soup version 0.29-a0-362-g5854e031c7 (webtiles) character file.

Game seed: 9200339089247509259

96614 ytrimaz the Brawler (level 15, -3/230 HPs)
             Began as a Demonspawn Berserker on Apr 29, 2022.
             Was a High Priest of Trog.
             Slain by an orc warrior
             ... wielding a +0 glaive
             ... led by an orc knight
              (4 damage)
             ... on level 1 of the Orcish Mines.
             The game lasted 00:33:22 (26958 turns).

ytrimaz the Brawler (Demonspawn Berserker)         Turns: 26958, Time: 00:33:23

Health: -3/230     AC: 25    Str: 24    XL:     15   Next: 69%
Magic:  0/15       EV:  8    Int:  9    God:    Trog [*****.]
Gold:   1732       SH:  5    Dex: 13    Spells: 14/14 levels left

rFire   + . .      SeeInvis .     - Unarmed
rCold   + . .      Faith    .   (no shield)
rNeg    . . .      Spirit   +   M - +0 plate armour
rPois   +          Reflect  +   s - +2 hat of the Bear Spirit {Spirit, *Rage Will++}
rElec   .          Harm     .   y - scarf {rC+ rF+}
rCorr   .          Rampage  .   (gloves unavailable)
Will    +++++      Rage     20% v - +1 pair of boots
Stlth   ..........              d - amulet of reflection
HPRegen 1.48/turn               n - +4 ring of protection
MPRegen 0.14/turn               z - ring of poison resistance

@: berserking (expiring), strong-willed, regenerating, very quick
A: claws 3, demonic guardian 2, icemail 1, sharp scales 2, condensation shield,
corrupting presence 1
a: Renounce Religion, Berserk, Trog's Hand, Brothers in Arms


You were on level 1 of the Orcish Mines.
You worshipped Trog.
Trog was extremely pleased with you.
You visited 3 branches of the dungeon, and saw 22 of its levels.
You also visited: Sewer.

You collected 1811 gold pieces.
You spent 79 gold pieces at shops.

Inventory:

Missiles
 F - 6 throwing nets (quivered)
Armour
 s - the +2 hat of the Bear Spirit (worn) {Spirit, *Rage Will++}
   (You acquired it on level 1 of the Lair of Beasts)

   Going berserk makes the wearer tougher, and they're slowed less afterward.
   *Rage:     It berserks you when you make melee attacks (+20% chance).
   Will:      It greatly increases your willpower.
 v - a +1 pair of boots (worn)
 y - a scarf of resistance (worn)
 M - a +0 plate armour (worn)
Jewellery
 a - a ring of willpower
 d - an amulet of reflection (around neck)
 n - a +4 ring of protection (left claw)
 r - a ring of positive energy
 w - a ring of protection from fire
 z - a ring of poison resistance (right claw)
 L - a ring of positive energy
 O - a ring of protection from fire
Wands
 l - a wand of polymorph (2)
 G - a wand of paralysis (20)
 H - a wand of acid (17)
 J - a wand of mindburst (31)
 N - a wand of flame (51)
 T - a wand of iceblast (6)
 X - a wand of digging (5)
Scrolls
 b - 4 scrolls of magic mapping
 c - 4 scrolls of immolation
 e - 3 scrolls of fog
 j - 7 scrolls of teleportation
 k - a scroll of brand weapon
 m - 6 scrolls of noise
 p - 3 scrolls of enchant armour
 q - 5 scrolls of blinking
 x - 8 scrolls of vulnerability
 C - 3 scrolls of silence
 P - 4 scrolls of fear
 V - 4 scrolls of enchant weapon
 W - a scroll of torment
Potions
 g - 3 potions of magic
 h - 5 potions of haste
 i - 6 potions of lignification
 t - 4 potions of resistance
 u - 4 potions of might
 A - 3 potions of mutation
 B - 7 potions of ambrosia
 D - 2 potions of heal wounds
 E - 2 potions of invisibility
 I - a potion of cancellation
 Q - 3 potions of flight
 R - 4 potions of curing
 S - 3 potions of attraction


   Skills:
 + Level 9.9 Fighting
 - Level 0.5 Short Blades
 - Level 2.7 Polearms
 + Level 11.7 Armour
 - Level 1.7 Dodging
 + Level 5.9 Shields
 * Level 20.7 Unarmed Combat


You had 14 spell levels left.
You didn't know any spells.
Your spell library was empty.

Dungeon Overview and Level Annotations

Branches:
Dungeon (15/15)            Temple (0/1) D:7            Lair (6/6) D:10
  Swamp (0/4) Lair:2       Spider (0/4) Lair:4        Slime (0/5) Lair:5
    Orc (1/2) D:10         Vaults (0/5) D:14         Depths (0/4) D:15
  Sewer (visited)

Altars:
Gozag
Hepliaklqana
Kikubaaqudgha
Makhleb
Sif Muna
Wu Jian
Yredelemnul
Beogh
Jiyva

Shops:
D:6 =?*(

Annotations:
D:10 3 runed translucent doors, RandomusNamus's ghost, journeyman MiCA


Innate Abilities, Weirdness & Mutations

You have claws for hands.
A demonic guardian rushes to your aid.
A meltable icy envelope protects you from harm. (AC +0)
You are mostly covered in razor-sharp scales. (AC +2, Slay +2)
A meltable shield of frost defends you. (SH +0)
Your presence sometimes corrodes those you injure.


Message History

You block the orc warrior's attack.
Your life force feels restored.
You claw the orc!
You feel the power of Trog in you as your rage grows.
You kill the orc!
Trog accepts your kill.
You feel sick.
You are no longer poisoned.
Unknown command.
The orc priest mumbles some strange prayers to Beogh against you.
Beogh smites you!
* * * LOW HITPOINT WARNING * * *
The orc warrior barely misses you. You block the orc warrior's attack.
The orc hits you but does no damage. The orc warrior completely misses you.
The orc knight hits your smoke demon with a +0 war axe!
The orc knight hits your ogre with a +0 war axe!
The orc knight hits you with a +0 war axe!
* * * LOW HITPOINT WARNING * * *
Your smoke demon hits the orc. x2
The orc dies!
Trog accepts your kill.
You hear a shout!
There is a staircase back to the Dungeon, spattered with blood here.
Items here: )) [ ††.
Unknown command.
You feel a strong urge to attack something.
Your ogre hits the orc knight with a +0 giant club.
You block the orc warrior's attack.
The orc priest calls down the wrath of Beogh upon you.
Beogh smites you!
* * * LOW HITPOINT WARNING * * *
You block the orc warrior's attack.
The orc knight hits you with a +0 war axe!
* * * LOW HITPOINT WARNING * * *
The orc knight barely misses your ogre.
The orc knight hits your smoke demon with a +0 war axe.
The orc hits you with a +2 vorpal falchion.
* * * LOW HITPOINT WARNING * * *
x2 The orc warrior hits you from afar with a +0 glaive.
You die...

....... #.......
o......### ##..#....#.
.........#######....#....#
o......[$[................
o....o.)..............#..#
.........o.......#...#...#
#......oo.......#.)......#
##.....oo)o...[...))......
##.#..O3@o.[)....)...#..
##....).)..#........##
#..........#.#......#
#.............##...##
#..................#
#..................####
####.#.#.....#.#....#.#
####.......#........
##.##..#...)..#..


You could see an orc knight (ally target), 3 orc warriors, an orc priest
(strong), 3 orcs, a friendly smoke demon (summoned) and a friendly ogre
(summoned, berserk).

Vanquished Creatures
  Jorgrun (D:12)
  Kirke (D:15)
  2 azure jellies (Lair:5)
  Nessos (D:12)
  Snorg (D:14)
  2 fire dragons (D:15)
  Harold (D:9)
  A vault guard (D:14)
  9 boulder beetles
  Erica (D:8)
  3 centaur warriors
  7 hydras
  8 two-headed ogres
  3 catoblepae (Lair:6)
  2 tengu warriors
  16 death yaks
  Urug (D:12)
  A fire crab (shapeshifter) (D:13)
  2 lindwurms
  A wizard (D:14)
  3 orc knights
  19 ugly things
  Pikel (D:8)
  3 orc sorcerers
  3 deep elf pyromancers
  7 manticores
  4 cyclopes
  3 elephants (Lair:6)
  7 black mambas
  3 gargoyles (D:12)
  Maggie (Lair:2)
  8 cane toads
  2 kobold demonologists
  2 rime drakes
  A freezing wraith (D:15)
  3 efreet
  8 komodo dragons
  4 meliai
  A tengu conjurer (D:12)
  A queen bee (Lair:2)
  7 trolls
  3 polar bears (Lair:5)
  4 dream sheep (Lair:5)
  9 slime creatures
  3 blink frogs (Lair:3)
  4 water elementals
  2 wraiths
  A centaur simulacrum (D:14)
  3 shadows
  3 wyverns
  3 vampires
  A hog (shapeshifter) (D:13)
  A wyvern (shapeshifter) (D:15)
  42 yaks
  A fire elemental (D:13)
  2 basilisks
  4 hogs (D:15)
  A steam dragon (D:9)
  11 vampire mosquitoes
  2 swamp worms (Lair:2)
  3 acid dragons
  11 water moccasins
  10 orc warriors
  2 sky beasts
  Pargi (Sewer)
  6 black bears
  An ice beast (D:7)
  An ogre (D:7)
  16 wolves
  4 centaurs
  4 lemures (D:8)
  4 kobold brigands
  Blork the orc (D:6)
  18 bullfrogs
  3 scorpions
  A necrophage (D:7)
  A gnoll sergeant (D:9)
  13 wights
  18 killer bees
  11 electric eels
  A howler monkey (D:12)
  12 hounds
  A jelly (D:6)
  10 orc priests
  A gnoll shaman (D:6)
  3 iguanas (D:6)
  14 orc wizards
  20 gnolls
  7 adders
  A shadow imp (D:6)
  A white imp (D:6)
  2 worms
  49 orcs
  9 bats
  5 endoplasms
  6 giant cockroaches
  7 goblins
  10 hobgoblins
  4 quokkas
  12 ball pythons
  12 frilled lizards
  18 kobolds
  7 rats
596 creatures vanquished.

Vanquished Creatures (collateral kills)
  A death knight (D:15)
  A catoblepas (Lair:6)
  A death yak (Lair:6)
  An ugly thing (D:15)
  A cyclops (D:12)
  A komodo dragon (Lair:3)
  A slime creature (D:12)
  A shadow (D:11)
  A phantom (D:5)
  2 centaurs
  A gnoll sergeant (D:8)
  An orc priest (Orc:1)
  A gnoll (D:8)
  8 orcs
  A bush (Lair:6)
23 creatures vanquished.

Vanquished Creatures (others)
  2 humans (D:15)
  2 orc wizards (Orc:1)
  5 kobolds (D:8)
  37 fungi
  51 plants
  5 toadstools (D:1)
102 creatures vanquished.

Grand Total: 721 creatures vanquished

Notes
Turn   | Place    | Note
-------+----------+-------------------------------------------
     0 | D:1      | ytrimaz the Demonspawn Berserker began the quest for the
                  | Orb.
     0 | D:1      | Reached XP level 1. HP: 18/18 MP: 1/1
   178 | D:1      | Gained mutation: You have sharp fingernails. [demonic
                  | ancestry]
   178 | D:1      | Reached XP level 2. HP: 18/24 MP: 2/2
   845 | D:1      | Gained mutation: You are partially covered in razor-sharp
                  | scales. (AC +1, Slay +1) [demonic ancestry]
   845 | D:1      | Reached XP level 3. HP: 29/30 MP: 3/3
   874 | D:1      | Found a faded altar of an unknown god.
  1193 | D:2      | Reached skill level 1 in Unarmed Combat
  1202 | D:2      | Reached ** piety under Trog
  1287 | D:2      | Reached XP level 4. HP: 36/38 MP: 4/4
  1752 | D:3      | Reached skill level 2 in Unarmed Combat
  1752 | D:3      | Gained mutation: You are mostly covered in razor-sharp
                  | scales. (AC +2, Slay +2) [demonic ancestry]
  1752 | D:3      | Reached XP level 5. HP: 43/43 MP: 5/5
  2200 | D:3      | Reached skill level 5 in Fighting
  2231 | D:3      | Found a glowing drain.
  2250 | D:3      | Reached *** piety under Trog
  2255 | Sewer    | Entered a sewer
  2349 | Sewer    | Noticed Pargi
  2375 | Sewer    | Killed Pargi
  2376 | Sewer    | Gained mutation: A weak demonic guardian rushes to your
                  | aid. [demonic ancestry]
  2376 | Sewer    | Reached XP level 6. HP: 30/51 MP: 6/6
  2847 | D:3      | Found a shimmering blue altar of Sif Muna.
  2847 | D:3      | Found an ornate altar of the Wu Jian Council.
  2847 | D:3      | Found an ancient bone altar of Kikubaaqudgha.
  3160 | D:4      | Found a burning altar of Makhleb.
  3171 | D:4      | Reached skill level 3 in Unarmed Combat
  3426 | D:4      | Gained mutation: You have very sharp fingernails. [demonic
                  | ancestry]
  3426 | D:4      | Reached XP level 7. HP: 58/58 MP: 7/7
  3503 | D:5      | Entered Level 5 of the Dungeon
  3884 | D:5      | Found a hazy altar of Hepliaklqana.
  3951 | D:5      | Found an opulent altar of Gozag.
  4068 | D:5      | Reached **** piety under Trog
  4521 | D:6      | Reached skill level 4 in Unarmed Combat
  4528 | D:6      | Noticed Blork the orc
  4536 | D:6      | Reached XP level 8. HP: 56/67 MP: 8/8
  4541 | D:6      | Killed Blork the orc
  4736 | D:6      | Found Nauqucwu's Assorted Antiques.
  4744 | D:6      | Bought a scroll labelled MANNET AHUYMOWN for 19 gold pieces
  4744 | D:6      | Bought a scroll labelled KAKO RATTU for 19 gold pieces
  4744 | D:6      | Bought a scroll labelled OLOZEF ZIRPH for 19 gold pieces
  4903 | D:6      | Found Puceeti's Jewellery Boutique.
  5359 | D:6      | Identified the +4 rapier of Kismet {venom, rElec Dex+3}
  5381 | D:6      | Reached skill level 5 in Armour
  5384 | D:6      | Found Hyxkeh's Magic Scroll Shoppe.
  5392 | D:6      | Bought a scroll of identify for 22 gold pieces
  5528 | D:6      | Reached skill level 5 in Unarmed Combat
  5742 | D:6      | Found Imaolima's Weapon Shoppe.
  5887 | D:7      | Gained mutation: A demonic guardian rushes to your aid.
                  | [demonic ancestry]
  5887 | D:7      | Reached XP level 9. HP: 73/75 MP: 9/9
  5915 | D:7      | Reached skill level 6 in Unarmed Combat
  6336 | D:7      | Reached skill level 7 in Unarmed Combat
  6422 | D:7      | Found a staircase to the Ecumenical Temple.
  6688 | D:8      | Noticed Erica
  6704 | D:8      | Killed Erica
  6705 | D:8      | Reached skill level 8 in Unarmed Combat
  7023 | D:8      | Reached skill level 9 in Unarmed Combat
  7240 | D:8      | Noticed a two-headed ogre
  7268 | D:8      | Killed a two-headed ogre
  7269 | D:8      | Gained mutation: You have claws for hands. [demonic
                  | ancestry]
  7269 | D:8      | Reached XP level 10. HP: 61/82 MP: 10/10
  7801 | D:8      | Noticed Pikel
  7809 | D:8      | Killed Pikel
  7851 | D:8      | Reached skill level 10 in Unarmed Combat
  8345 | D:9      | Reached skill level 11 in Unarmed Combat
  8700 | D:9      | Noticed Harold
  8716 | D:9      | Killed Harold
  8716 | D:9      | Reached ***** piety under Trog
  8976 | D:10     | Entered Level 10 of the Dungeon
  9065 | D:10     | Gained mutation: A meltable shield of frost defends you.
                  | (SH +0) [demonic ancestry]
  9065 | D:10     | Reached XP level 11. HP: 34/89 MP: 11/11
  9115 | D:10     | Reached skill level 12 in Unarmed Combat
  9216 | D:10     | Found a staircase to the Lair.
  9563 | D:10     | Found a staircase to the Orcish Mines.
 10060 | D:10     | Found a runed translucent gate.
 10061 | D:10     | Found a runed translucent gate.
 10062 | D:10     | Found a runed translucent gate.
 10065 | D:10     | Noticed RandomusNamus's ghost (journeyman MiCA)
 10320 | D:10     | Identified a scroll of acquirement
 10348 | Orc:1    | Entered Level 1 of the Orcish Mines
 10388 | Lair:1   | Entered Level 1 of the Lair of Beasts
 10514 | Lair:1   | Reached skill level 1 in Shields
 11388 | Lair:1   | Acquired the +2 hat of the Bear Spirit {Spirit, *Rage
                  | Will++}
 11388 | Lair:1   | Found the +2 hat of the Bear Spirit {Spirit, *Rage Will++}
 11558 | Lair:2   | Noticed Maggie
 11559 | Lair:2   | Noticed an eight-headed hydra
 11602 | Lair:2   | Reached skill level 13 in Unarmed Combat
 11658 | Lair:2   | Killed Maggie
 12268 | Lair:2   | Killed a 12-headed hydra
 12839 | Lair:2   | Found a staircase to the Swamp.
 13150 | Lair:3   | Reached XP level 12. HP: 95/95 MP: 12/12
 13982 | Lair:4   | Found a basalt altar of Yredelemnul.
 14123 | Lair:4   | Reached skill level 14 in Unarmed Combat
 14570 | Lair:4   | Found a hole to the Spider Nest.
 14913 | Lair:4   | Noticed a death yak
 14914 | Lair:4   | Noticed a death yak
 14916 | Lair:4   | Noticed a death yak
 14916 | Lair:4   | Noticed a death yak
 14916 | Lair:4   | Noticed a death yak
 14933 | Lair:4   | Killed a death yak
 14936 | Lair:4   | Killed a death yak
 14942 | Lair:4   | Killed a death yak
 14948 | Lair:4   | Killed a death yak
 14949 | Lair:4   | Reached skill level 15 in Unarmed Combat
 14952 | Lair:4   | Killed a death yak
 15108 | Lair:5   | Noticed a seven-headed hydra
 15122 | Lair:5   | Killed an 11-headed hydra
 15182 | Lair:5   | Noticed a death yak
 15182 | Lair:5   | Noticed a death yak
 15185 | Lair:5   | Noticed a death yak
 15195 | Lair:5   | Killed a death yak
 15206 | Lair:5   | Killed a death yak
 15213 | Lair:5   | Killed a death yak
 15347 | Lair:5   | Reached skill level 16 in Unarmed Combat
 15509 | Lair:5   | Gained mutation: Your presence sometimes corrodes those you
                  | injure. [demonic ancestry]
 15509 | Lair:5   | Reached XP level 13. HP: 76/101 MP: 9/13
 15617 | Lair:5   | Found a runed translucent door.
 15618 | Lair:5   | Noticed an azure jelly
 15621 | Lair:5   | Found a viscous altar of Jiyva.
 15632 | Lair:5   | Found a staircase to the Slime Pits.
 15632 | Lair:5   | Noticed an azure jelly
 15641 | Lair:5   | Killed an azure jelly
 15647 | Lair:5   | Killed an azure jelly
 16278 | Lair:6   | Entered Level 6 of the Lair of Beasts
 16758 | Lair:6   | Reached skill level 17 in Unarmed Combat
 16783 | Lair:6   | Reached ****** piety under Trog
 17099 | Lair:6   | Received a gift from Trog
 17107 | Lair:6   | Reached skill level 10 in Armour
 17810 | Lair:6   | Reached XP level 14. HP: 108/108 MP: 10/14
 17992 | Lair:6   | Identified the +7 arbalest "Wipsi" {elec, rPois rC- rN+++
                  | Dex-3}
 18174 | Orc:1    | Reached skill level 18 in Unarmed Combat
 19908 | D:12     | Noticed Jorgrun
 19914 | D:12     | Killed Jorgrun
 20121 | D:12     | Noticed Nessos
 20139 | D:12     | Killed Nessos
 20361 | D:12     | Received a gift from Trog
 20669 | D:12     | Reached skill level 19 in Unarmed Combat
 20968 | D:12     | Reached skill level 5 in Shields
 21530 | D:12     | Noticed Urug
 21934 | D:12     | Killed Urug
 23475 | D:13     | Gained mutation: A meltable icy envelope protects you from
                  | harm. (AC +0) [demonic ancestry]
 23475 | D:13     | Reached XP level 15. HP: 115/115 MP: 15/15
 24790 | D:14     | Found a gate to the Vaults.
 24934 | D:14     | Noticed Snorg
 24951 | D:14     | Killed Snorg
 24971 | D:14     | Reached skill level 20 in Unarmed Combat
 24983 | D:14     | Received a gift from Trog
 24986 | D:14     | Identified the ring "Miboes" {rN+ rCorr Dex+6 Slay-5
                  | Stlth+}
 25495 | D:15     | Entered Level 15 of the Dungeon
 25544 | D:15     | Noticed Kirke
 25563 | D:15     | Killed Kirke
 26317 | D:15     | Found a staircase to the Depths.
 26958 | Orc:1    | HP: 3/230 [orc knight/+0 war axe (11)]
 26958 | Orc:1    | HP: 1/230 [orc/+2 vorpal falchion[an orc knight] (1)]
 26958 | Orc:1    | Slain by an orc warrior

Illustrated notes

Levels and vault maps discovered:
D:1:      ldierk_walled_garden, layout_basic,
          shapermc_ecumenical_altar_mp_ritualfount
D:2:      cheibrodos_old_hovel, layout_rooms, st_stairs_8
D:3:      layout_rooms, gammafunk_temple_overflow_forgotten,
          gup_sewer_entry_pipe
D:4:      layout_gridville, makhleb_heckhound_becter
D:5:      wander_river, layout_cave_pods, mainiacjoe_overflow_alcove_1,
          nicolae_overflow_hidden_temple, minmay_door_square,
          grunt_ministairs_5, uniq_grinder
D:6:      layout_loops_ring, serial_shops, shop, shop, shop,
          nicolae_shop_bloodbath_and_beyond, uniq_blork_the_orc
D:7:      layout_gridville, minmay_temple_entry_grid
D:8:      layout_basic, minmay_crystal_water, lemuel_flamethrower_2, uniq_erica,
          uniq_pikel
D:9:      layout_basic, kennysheep_generic_room_15, uniq_harold
D:10:     layout_rooms, due_lair_maze_entry_diamond,
          minmay_orc_entry_temple_large, gammafunk_ghost_necromancy, nrook_uturn
D:11:     hangedman_cross_stitches, layout_cross
D:12:     kennysheep_room_grid, layout_basic, uniq_nessos, uniq_urug,
          uniq_jorgrun
D:13:     layout_loops_cross, kennysheep_opposing_triangles
D:14:     layout_basic, david_vaults_5, chequers_serial_rivers_micro_b,
          serial_rivers, chequers_serial_rivers_micro_c,
          chequers_serial_rivers_micro_d, chequers_serial_rivers_large_b,
          chequers_serial_rivers_small_3, uniq_snorg
D:15:     grunt_enter_depths_hoard, layout_basic, hangedman_decor_riveting,
          skrybe_limestone_x, uniq_kirke
Lair:1:   layout_regular_city
Lair:2:   layout_cellular_growth, nicolae_swamp_entry_splash_gauntlet,
          special_room [special_room_bee], chequers_serial_rivers_large_a,
          nicolae_lair_lil_pond, chequers_serial_rivers_micro_a, uniq_maggie
Lair:3:   layout_gridlike
Lair:4:   layout_cave_pods, hellmonk_spider_entry_not_the_bees, basic_altar
Lair:5:   layout_misc_corridors, slime_altar_2, chequers_serial_rivers_small_b,
          serial_bayou_pond_d
Lair:6:   evilmike_catoblepas_cave, layout_regular_city
Orc:1:    layout_caves, serial_shops, nicolae_shop_advertising_works
          [nicolae_subvault_shop_adworks], roderic_batcave, minmay_orc_treasury

Skill      XL: |  1  2  3  4  5  6  7  8  9 10 11 12 13 14 15 |
---------------+----------------------------------------------+-----
Armour         | 2 3 4 5 6 8 9 10 11 | 11.7
Unarmed Combat | 1 2 3 4 5 9 11 13 16 17 19 20 | 20.7
Fighting       | 4 5 6 7 8 9 |  9.9
Shields        | 1 2 4 5 |  5.9
Short Blades   | |  0.5
Polearms       | |  2.7
Dodging        | |  1.7

Action                   |  1- 3 |  4- 6 |  7- 9 | 10-12 | 13-15 || total
-------------------------+-------+-------+-------+-------+-------++-------
Melee: Spear             |    16 |       |       |       |       ||    16
       Short sword       |    78 |   186 |   103 |       |       ||   367
       Punch             |       |     4 |    12 |    44 |    95 ||   155
       Unarmed           |       |       |   233 |   518 |   803 ||  1554
Invok: Trog's Hand       |       |       |     3 |     4 |     3 ||    10
       Berserk           |       |       |     2 |     1 |     2 ||     5
       Brothers in Arms  |       |       |       |       |     1 ||     1
  Use: Scroll            |       |     4 |     4 |    15 |     9 ||    32
       Potion            |       |       |       |       |     6 ||     6
 Stab: Sleeping          |     1 |     1 |       |       |       ||     2
       Distracted        |       |       |       |     1 |     3 ||     4
Armor: Animal skin       |    16 |       |       |       |       ||    16
       Leather armour    |    13 |   141 |   153 |       |       ||   307
       Plate armour      |       |       |    30 |   391 |   510 ||   931
Dodge: Dodged            |    53 |   150 |   221 |   143 |   198 ||   765
Block: Other             |       |       |       |    83 |   282 ||   365
       Reflection        |       |       |       |       |    13 ||    13

Table legend: (Time is in decaauts)
 A = Elapsed time spent in this place.
 B = Non-inter-level travel time spent in this place.
 C = Inter-level travel time spent in this place.
 D = Time resting spent in this place.
 E = Time spent auto-exploring this place.
 F = Levels seen in this place.
 G = Mean time per level.
                   A        B        C        D        E       F      G
               +--------+--------+--------+--------+--------+-----+--------+
         Total |  27123 |  26272 |    851 |   2193 |  19583 |  23 | 1179.3 |
       Dungeon |  18810 |  18231 |    579 |   1664 |  13350 |  15 | 1254.0 |
          Lair |   7796 |   7524 |    272 |    529 |   5893 |   6 | 1299.3 |
  Orcish Mines |    219 |    219 |      0 |      0 |    123 |   1 |  219.0 |
         Sewer |    297 |    297 |      0 |      0 |    215 |   1 |  297.0 |
               +--------+--------+--------+--------+--------+-----+--------+

Top non-repeatable levels by time:
    D:12: 2636 daAuts
    D:10: 1867 daAuts
  Lair:6: 1756 daAuts
    D:14: 1754 daAuts
  Lair:2: 1653 daAuts
    D:13: 1446 daAuts
     D:6: 1364 daAuts
     D:8: 1328 daAuts
    D:15: 1298 daAuts
  Lair:5: 1219 daAuts
     D:1: 1160 daAuts
  Lair:4: 1145 daAuts
    D:11: 1083 daAuts
  Lair:1: 1033 daAuts
     D:5: 1021 daAuts
